 Seeded DCSS version 0.29-a0-923-g6e406bff71 (webtiles) character file.

Game seed: 12374859633041169921 (custom seed)

96 mathmaestro the Grave Robber (level 4, -1/49 HPs)
             Began as a Demonspawn Necromancer on July 27, 2022.
             Slain by an orc wizard
             ... wielding a +0 dagger
              (3 damage)
             ... on level 3 of the Dungeon.
             The game lasted 00:05:42 (1887 turns).

mathmaestro the Grave Robber (DsNe)                 Turns: 1887, Time: 00:05:43

Health: -1/49      AC:  3    Str:  8    XL:     4   Next: 41%
Magic:  5/8        EV: 14    Int: 19    God:
Gold:   75         SH:  0    Dex: 13    Spells: 4/8 levels left

rFire   . . .      SeeInvis .   d - +0 dagger
rCold   . . .      Faith    .   (no shield)
rNeg    . . .      Spirit   .   e - +0 leather armour
rPois   .          Reflect  .   (no helmet)
rElec   .          Harm     .   (no cloak)
rCorr   .          Rampage  .   (no gloves)
Will    .....                   (no boots)
Stlth   ..........              (no amulet)
HPRegen 0.16/turn               (no ring)
MPRegen 0.11/turn               (no ring)

@: berserking, attractive, very quick
A: repulsion field 2
a: no special abilities


You were on level 3 of the Dungeon.
You visited 1 branch of the dungeon, and saw 3 of its levels.

You collected 75 gold pieces.

Inventory:

Hand Weapons
 c - a +0 whip
 d - a +0 dagger (weapon)
Armour
 e - a +0 leather armour (worn)
Scrolls
 g - a scroll of enchant armour {unknown}
 h - a scroll of poison {unknown}
 i - a scroll of teleportation
 j - a scroll of identify {unknown}
 k - a scroll of blinking {unknown}
 l - a scroll of brand weapon {unknown}
 o - a scroll of amnesia {unknown}
 p - a scroll of summoning {unknown}
Potions
 a - a potion of cancellation
 b - a potion of magic
 n - a potion of curing {unknown}


   Skills:
 + Level 2.0 Fighting
 + Level 0.3 Armour
 - Level 2.0 Dodging
 - Level 2.0 Stealth
 + Level 2.9 Spellcasting
 + Level 5.0 Necromancy


You had 4 spell levels left.
You knew the following spells:

 Your Spells              Type           Power      Damage    Failure   Level
a - Necrotise             Necr           88%        1d8       2%          1
b - Vampiric Draining     Necr           22%        2d7       9%          3

Your spell library contained the following spells:

 Spells                   Type           Power      Damage    Failure   Level
 Animate Dead             Necr           22%        N/A       26%         4
 Call Canine Familiar     Summ           2%         N/A       54%         3
 Portal Projectile        Hex/Tloc       4%         N/A       54%         3
 Leda's Liquefaction      Hex/Erth       1%         N/A       91%         4
 Agony                    Necr           22%        N/A       58%         5


Dungeon Overview and Level Annotations

Branches:
Dungeon (3/15)

Altars:

Shops:
D:3 [


Innate Abilities, Weirdness & Mutations

You are surrounded by a moderate repulsion field. (EV +3)


Message History

Something tries to affect you, but you resist.
You bump into the rock wall.
Something hits you.
* * * LOW HITPOINT WARNING * * *
Your orc skeleton barely misses something.
You barely miss something.
You feel less confused. Something barely misses you.
Your orc skeleton closely misses something.
You miss something. Something barely misses you.
You hit something.
Your orc skeleton barely misses something.
Something hits you.
* * * LOW HITPOINT WARNING * * *
You completely miss something. Something hits you.
* * * LOW HITPOINT WARNING * * *
Your orc skeleton hits something but does no damage.
You miss something.
Your orc skeleton crumbles into dust!
Something hits you.
* * * LOW HITPOINT WARNING * * *
It was a potion of cancellation.
You feel magically purged. Something hits you but does no damage.
It was a potion of attraction.
You feel attractive to monsters. Something barely misses you.
It was a potion of berserk rage.
A red film seems to cover your vision as you go berserk!
You feel yourself moving faster!
You feel mighty! Something hits you but does no damage.
You miss something. Something barely misses you.
You puncture something!
You are too berserk!
You miss something.
You hear some strange, mumbled words.
Something tries to affect you, but you resist.
You barely miss something. You closely miss something.
An orc wizard appears from thin air!
Reactivating autopickup.
The orc wizard hits you with a +0 dagger.
You die...

#.# ############ #.#
#........>.# #.# #....
#..........# #.# #....
#..........# #.# #....####
#..........####.# ........#
#..........##....
##......#####..........##....
........#..o@..........'.....
#.....#.###..........##....
+...))..# #..........##....
#.....### #############....
####### #####


You could see an orc wizard.

Vanquished Creatures
  An orc priest (D:2)
  2 adders
  2 worms (D:2)
  5 orcs
  An endoplasm (D:2)
  A giant cockroach (D:1)
  2 hobgoblins
  2 quokkas
  5 ball pythons
  7 bats
  3 frilled lizards
  A goblin (D:3)
  2 kobolds (D:1)
  3 rats
37 creatures vanquished.

Vanquished Creatures (collateral kills)
  An endoplasm (D:3)
  2 ball pythons
3 creatures vanquished.

Grand Total: 40 creatures vanquished

Notes
Turn   | Place    | Note
-------+----------+-------------------------------------------
     0 | D:1      | mathmaestro the Demonspawn Necromancer began the quest for
                  | the Orb.
     0 | D:1      | Reached XP level 1. HP: 13/13 MP: 3/3
   357 | D:1      | Gained mutation: You are surrounded by a mild repulsion
                  | field. (EV +2) [demonic ancestry]
   357 | D:1      | Reached XP level 2. HP: 20/20 MP: 0/5
   704 | D:2      | Reached skill level 1 in Fighting
   707 | D:2      | Found a faded altar of an unknown god.
   862 | D:2      | Reached XP level 3. HP: 16/26 MP: 0/6
   866 | D:2      | Learned a level 3 spell: Vampiric Draining
  1394 | D:2      | Reached skill level 5 in Necromancy
  1394 | D:2      | Gained mutation: You are surrounded by a moderate repulsion
                  | field. (EV +3) [demonic ancestry]
  1394 | D:2      | Reached XP level 4. HP: 13/33 MP: 0/8
  1704 | D:3      | Found Xoig's Armour Shop.
  1879 | D:3      | HP: 1/33 [something (2)]
  1887 | D:3      | Slain by an orc wizard

Illustrated notes

Levels and vault maps discovered:
D:1:      lightli_arrival_statue_moat, layout_rooms
D:2:      layout_basic, nicolae_ecumenical_snake_handling, lemuel_flame_loot_1
D:3:      layout_basic, elyvilon_altar_3, serial_shops, nicolae_shop_statue_plus

Skill      XL: |  1  2  3  4 |
---------------+-------------+-----
Dodging        | 2 |  2.0
Stealth        | 2 |  2.0
Fighting       | 1 2 |  2.0
Necromancy     | 5 |  5.0
Armour         | |  0.3
Spellcasting   | |  2.9

Action                   |  1- 3 |  4- 6 || total
-------------------------+-------+-------++-------
Melee: Dagger            |    16 |    16 ||    32
       Whip              |     1 |       ||     1
 Cast: Necrotise         |    47 |    17 ||    64
       Vampiric Draining |     1 |       ||     1
  Use: Potion            |     1 |     3 ||     4
       Scroll            |       |     1 ||     1
Armor: Leather armour    |       |     5 ||     5
Dodge: Dodged            |    32 |     8 ||    40

Table legend: (Time is in decaauts)
 A = Elapsed time spent in this place.
 B = Non-inter-level travel time spent in this place.
 C = Inter-level travel time spent in this place.
 D = Time resting spent in this place.
 E = Time spent auto-exploring this place.
 F = Levels seen in this place.
 G = Mean time per level.
                   A        B        C        D        E       F      G
               +--------+--------+--------+--------+--------+-----+--------+
         Total |   1886 |   1767 |    119 |    486 |    908 |   3 |  628.7 |
       Dungeon |   1886 |   1767 |    119 |    486 |    908 |   3 |  628.7 |
               +--------+--------+--------+--------+--------+-----+--------+

Top non-repeatable levels by time:
     D:2: 1048 daAuts
     D:1: 606 daAuts
     D:3: 231 daAuts
